 Dungeon Crawl Stone Soup version 0.28.0 (webtiles) character file.

Game seed: 17574023447548713803

53 funkygono the Firebug (level 3, 0/19 HPs)
             Began as a Gargoyle Fire Elementalist on Feb 18, 2022.
             Slain by Sigmund (9 damage)
             ... on level 3 of the Dungeon.
             The game lasted 00:03:32 (2741 turns).

funkygono the Firebug (Gargoyle Fire Elementalist)  Turns: 2741, Time: 00:03:32

Health: 0/19       AC:  9    Str: 11    XL:     3   Next: 89%
Magic:  0/7        EV: 12    Int: 17    God:
Gold:   110        SH:  0    Dex: 10    Spells: 4/7 levels left

rFire   . . .      SeeInvis .   h - +0 mace
rCold   . . .      Faith    .   (no shield)
rNeg    + . .      Spirit   .   a - +0 robe
rPois   ∞          Reflect  .   (no helmet)
rElec   +          Harm     .   e - +0 cloak
rCorr   .          Rampage  .   b - +0 pair of gloves
Will    .....                   i - +1 pair of boots
Stlth   ++........              (no amulet)
HPRegen 0.06/turn               (no ring)
MPRegen 0.10/turn               (no ring)

@: no status effects
A: sickness immunity, AC +3, negative energy resistance 1, electricity
resistance, torment resistance 1, petrification resistance
a: no special abilities


You were on level 3 of the Dungeon.
You visited 1 branch of the dungeon, and saw 3 of its levels.

You collected 110 gold pieces.

Inventory:

Hand Weapons
 h - a +0 mace (weapon)
Missiles
 c - 66 stones
Armour
 a - a +0 robe (worn)
 b - a +0 pair of gloves (worn)
 e - a +0 cloak (worn)
 i - a +1 pair of boots (worn)
Scrolls
 d - a scroll of teleportation {unknown}
 g - a scroll of fear
Potions
 f - 2 potions of brilliance
 k - a potion of heal wounds


   Skills:
 + Level 1.7 Dodging
 - Level 2.1 Stealth
 * Level 2.7 Spellcasting
 * Level 1.8 Conjurations
 * Level 3.7 Fire Magic


You had 4 spell levels left.
You knew the following spells:

 Your Spells              Type           Power      Damage    Failure   Level
a - Foxfire               Conj/Fire      44%        2x1d6     5%          1
b - Scorch                Fire           30%        2d6       6%          2

Your spell library contained the following spells:

 Spells                   Type           Power      Damage    Failure   Level
 Conjure Flame            Conj/Fire      11%        6-21      17%         3
 Inner Flame              Hex/Fire       8%         N/A       26%         3
 Flame Wave               Conj/Fire      11%        2d5       50%         4


Dungeon Overview and Level Annotations

Branches:
Dungeon (3/15)

Altars:

Shops:
D:2 [

Annotations:
D:3 Sigmund


Innate Abilities, Weirdness & Mutations

You are immune to sickness and miasma.
Your stone body is resilient. (AC +3)
You are immune to poison.
You resist negative energy. (rN+)
You are resistant to electric shocks. (rElec)
You are resistant to unholy torment.
You are immune to petrification.


Message History

Casting: Foxfire (safe; 5% risk of failure)
Confirm with . or Enter, or press ? or * to list all spells.
You conjure some foxfire!
The foxfire hits something but does no damage. x2
Something hits you.
Casting: Foxfire (safe; 5% risk of failure)
Confirm with . or Enter, or press ? or * to list all spells.
You conjure some foxfire!
The foxfire hits something but does no damage. x2
Unknown command.
Casting: Foxfire (safe; 5% risk of failure)
Confirm with . or Enter, or press ? or * to list all spells.
You conjure some foxfire!
The foxfire hits something but does no damage.
The foxfire hits something.
Something hits you.
Unknown command.
Casting: Foxfire (safe; 5% risk of failure)
Confirm with . or Enter, or press ? or * to list all spells.
You conjure some foxfire!
The foxfire hits something. x2
Something hits you but does no damage.
Unknown command.
Casting: Foxfire (safe; 5% risk of failure)
Confirm with . or Enter, or press ? or * to list all spells.
You conjure some foxfire!
The foxfire hits something but does no damage. x2
Unknown command.
Casting: Foxfire (safe; 5% risk of failure)
Confirm with . or Enter, or press ? or * to list all spells.
You conjure some foxfire!
The foxfire hits something but does no damage.
Something hits you.
The foxfire hits something.
Unknown command.
Casting: Foxfire (safe; 5% risk of failure)
Confirm with . or Enter, or press ? or * to list all spells.
You don't have enough magic to cast this spell.
Unknown command.
The foxfire hits something.
The foxfire hits something but does no damage.
Something hits you!
You die...

........# #...#
......### #...#
....### #..>#
....#### ##.##
#......# #..#
#.####.# #####.#####
#. ###.####.........#
.. #........÷...§§..#
#. #.#..#.#...{.@...#
#.........).....§§..#
###..##..##.........#
#.. #..##............
#. #.............##..
#. ##.##.........# .
# #.##..........#
.###.....####.
#.....#


There were no monsters in sight!

Vanquished Creatures
  An adder (D:2)
  2 worms (D:2)
  2 dart slugs
  2 endoplasms
  2 goblins (D:1)
  A hobgoblin (D:1)
  3 kobolds
  2 quokkas (D:1)
  4 ball pythons
  9 bats
  7 frilled lizards
  2 rats
37 creatures vanquished.

Vanquished Creatures (others)
  149 foxfires
149 creatures vanquished.

Grand Total: 186 creatures vanquished

Notes
Turn   | Place    | Note
-------+----------+-------------------------------------------
     0 | D:1      | funkygono the Gargoyle Fire Elementalist began the quest
                  | for the Orb.
     0 | D:1      | Reached XP level 1. HP: 10/10 MP: 3/3
   254 | D:1      | Found a faded altar of an unknown god.
   318 | D:1      | Reached XP level 2. HP: 15/15 MP: 3/5
   321 | D:1      | Learned a level 2 spell: Scorch
  1068 | D:2      | Reached XP level 3. HP: 19/19 MP: 1/6
  1395 | D:2      | Found Leal's Antique Armour Boutique.
  2253 | D:3      | Noticed Sigmund
  2741 | D:3      | Slain by Sigmund

Illustrated notes

Levels and vault maps discovered:
D:1:      dpeg_arrival_tiny_d, layout_basic, ebering_ecumenical_altar_ruins,
          minmay_misc_feat_alley, minmay_misc_feat_nine_boxes, minmay_liquid_box
D:2:      layout_loops_cross, serial_shops,
          nicolae_shop_competitors_out_of_business, grunt_ministairs_8
D:3:      layout_loops_cross, uniq_sigmund

Action                   || total
-------------------------++-------
Melee: Mace              ||     1
 Cast: Foxfire           ||    84
       Scorch            ||     8
  Use: Scroll            ||     6
Armor: Robe              ||    14
Dodge: Dodged            ||    17
